 Dungeon Crawl Stone Soup version 0.29.0-4-gdea44cf6ec (webtiles) character file.

Game seed: 16063847069825937683

36 qw the Chopper (level 3, 0/21 HPs)
             Began as a Tengu Warper on Aug 28, 2022.
             Succumbed to an adder's poison
             ... on level 2 of the Dungeon.
             The game lasted 00:00:05 (1137 turns).

qw the Chopper (Tengu Warper)                       Turns: 1137, Time: 00:00:05

Health: 0/21       AC:  5    Str: 13    XL:     3   Next: 37%
Magic:  7/7        EV: 11    Int: 13    God:
Gold:   54         SH:  0    Dex: 13    Spells: 6/6 levels left

rFire   . . .      SeeInvis .   Y - +0 hand axe
rCold   . . .      Faith    .   (no shield)
rNeg    . . .      Spirit   .   k - +0 ring mail
rPois   .          Reflect  .   (helmet restricted)
rElec   .          Harm     .   (no cloak)
rCorr   .          Rampage  .   (no gloves)
Will    .....                   (boots unavailable)
Stlth   +.........              (no amulet)
HPRegen 0.07/turn               (no ring)
MPRegen 0.10/turn               (no ring)

@: lethally poisoned (0 -> -6)
A: beak, talons 3
a: no special abilities


You were on level 2 of the Dungeon.
You visited 1 branch of the dungeon, and saw 2 of its levels.

You collected 54 gold pieces.


Innate Abilities, Weirdness & Mutations

You have a beak for a mouth.
You have claws for feet.


   Skills:
 - Level 2.0 Fighting
 + Level 4.1 Axes
 - Level 1.0 Throwing
 - Level 1.1 Armour
 - Level 2.1 Dodging
 - Level 2.0 Spellcasting
 - Level 2.4 Translocations


You had 6 spell levels left.
You didn't know any spells.
Your spell library contained the following spells:

 Spells                   Type           Power      Damage    Failure   Level
 Blink                    Tloc           14%        N/A       30%         2
 Gell's Gravitas          Tloc           7%         N/A       52%         3
 Lesser Beckoning         Tloc           7%         N/A       52%         3
 Teleport Other           Tloc           7%         N/A       52%         3
 Manifold Assault         Tloc           7%         N/A       99%         5

Inventory:

Hand Weapons
 Y - a +0 hand axe (weapon)
Missiles
 n - a javelin (quivered)
Armour
 k - a +0 ring mail (worn)
Potions
 e - a potion of magic {unknown}
 g - a potion of curing
 l - a potion of lignification {unknown}
 m - a potion of invisibility {unknown}

Dungeon Overview and Level Annotations

Branches:
Dungeon (2/15)

Altars:

Annotations:
D:2 Jessica


Message History

You float gracefully downwards.
An adder comes into view.
The adder hisses angrily.
You hear a shout!
Enter note:
Enter note: Throw: 2 javelins
Press: ? - help, Q - select action Shift-Dir - straight line, f - adder You throw a javelin.
The javelin pierces through the adder!
The adder is severely wounded.
A rat comes into view.
Jessica the Apprentice Sorceress comes into view.
She is wielding a +0 dagger.
The adder bites you.
You are poisoned.
The adder poisons you!
You closely miss the adder. Your peck misses the adder.
The adder is severely wounded.
You feel sick. The adder bites you.
You hit the adder but do no damage. Your kick misses the adder.
The adder is severely wounded.
You feel sick. The adder bites you.
You closely miss the adder.
The adder is severely wounded.
You barely miss the rat.
You feel sick. The adder bites you.
You are lethally poisoned!
The adder poisons you! The rat barely misses you. The adder barely misses you.
You barely miss the adder. Your kick misses the adder.
You peck the adder, but do no damage.
The adder is severely wounded.
You hit the rat but do no damage.
You feel sick. The adder bites you. The rat bites you.
You hit the adder.
You kill the adder!
You hit the rat.
You kill the rat!
You feel sick.
Your Axes skill increases to level 4!
You hit Jessica. You claw Jessica, but do no damage. You peck Jessica.
Jessica is almost dead.
You die...

#######.####......#
#.# ##.#####
#.#####...#
..##...##..#
..##...# #...#
...#...# #...#
.#..#...# #..#
#.####...# ..#
#(...@@..# ..
#####%...# #....#
....... .#......#
#.######## #


You could see Jessica.

Vanquished Creatures
  An adder (D:2)
  2 dart slugs (D:1)
  2 ball pythons (D:1)
  5 bats (D:1)
  5 endoplasms
  3 hobgoblins (D:1)
  A quokka (D:1)
  A frilled lizard (D:1)
  2 rats
22 creatures vanquished.

Notes
Turn   | Place    | Note
-------+----------+-------------------------------------------
     0 | D:1      | qw the Tengu Warper began the quest for the Orb.
     0 | D:1      | Reached XP level 1. HP: 12/12 MP: 4/4
     0 | D:1      | 0 ||| qw: Version: 0.1-a-89-g26bdef1
     0 | D:1      | 0 ||| qw: Game counter: 505
     0 | D:1      | 0 ||| qw: Always use a shield: true
     0 | D:1      | 0 ||| qw: God list: Okawaru
     0 | D:1      | 0 ||| qw: Allow faded altars: false
     0 | D:1      | 0 ||| qw: Do Orc after D:15 true
     0 | D:1      | 0 ||| qw: Do second Lair branch before Depths: true
     0 | D:1      | 0 ||| qw: Lair rune preference: random
     0 | D:1      | 0 ||| qw: Plans: Normal
     0 | D:1      | 0 ||| PLANNING D:1-11
   120 | D:1      | 120 ||| Stepping ~*~*~tactically~*~*~ (hiding).
   131 | D:1      | Reached skill level 3 in Axes
   131 | D:1      | Reached XP level 2. HP: 14/17 MP: 6/6
   747 | D:1      | 747 ||| Stepping ~*~*~tactically~*~*~ (stealth).
   749 | D:1      | 749 ||| Stepping ~*~*~tactically~*~*~ (stealth).
   751 | D:1      | 751 ||| Stepping ~*~*~tactically~*~*~ (stealth).
   753 | D:1      | 753 ||| Stepping ~*~*~tactically~*~*~ (stealth).
   806 | D:1      | Reached XP level 3. HP: 21/21 MP: 7/7
   806 | D:1      | 806 ||| Stepping ~*~*~tactically~*~*~ (stealth).
   944 | D:1      | 944 ||| UPGRADING to +0 ring mail.
   954 | D:1      | 954 ||| DROPPING +0 leather armour.
   955 | D:1      | 955 ||| READING scroll labelled POUMPO NOOCETZ.
   956 | D:1      | 956 ||| READING scroll labelled MOALAIMAEXT.
   957 | D:1      | 957 ||| READING scroll labelled JOUNYUZUAN.
   958 | D:1      | 958 ||| DRINKING 2 fizzy white potions.
  1059 | D:1      | 1059 ||| DRINKING 2 pink potions.
  1060 | D:1      | 1060 ||| DRINKING 2 clear potions.
  1061 | D:1      | 1061 ||| DROPPING scroll of blinking.
  1062 | D:1      | 1062 ||| DROPPING potion of ambrosia.
  1063 | D:1      | 1063 ||| DROPPING potion of flight.
  1131 | D:2      | Noticed Jessica
  1135 | D:2      | HP: 4/21 [adder (2)]
  1137 | D:2      | Reached skill level 4 in Axes
  1137 | D:2      | Succumbed to an adder's poison

Levels and vault maps discovered:
D:1:      sevenhm_arrival_forest_fort_small_1, layout_basic
D:2:      layout_basic, basic_ecumenical_altar, minmay_stone_trees_medium,
          grunt_decor_arrowhead, corexii_leaking_fountain,
          reono_crystal_passage, grunt_ministairs_9, minmay_pentomino_p2,
          uniq_jessica, uniq_sigmund, uniq_robin

Skill      XL: |  1  2  3 |
---------------+----------+-----
Axes           | 3 4 |  4.1
Fighting       | |  2.0
Throwing       | |  1.0
Armour         | |  1.1
Dodging        | |  2.1
Spellcasting   | |  2.0
Translocations | |  2.4

Action                   || total
-------------------------++-------
Melee: Hand axe          ||    35
       Kick              ||     6
       Peck              ||     4
Throw: Boomerang         ||     7
       Javelin           ||    12
  Use: Scroll            ||     3
       Potion            ||     3
Armor: Leather armour    ||    16
Dodge: Dodged            ||    19

Table legend:
 A = Non-vault XP
 B = Vault XP
 C = Vault XP percentage of total XP
 D = Non-vault monster count
 E = Vault monster count
 F = Vault count percentage of total count
                 A         B        C        D         E       F
            +---------+---------+-------+---------+---------+-------
      Total |      52 |       0 |   0.0 |      22 |       0 |   0.0
            +---------+---------+-------+---------+---------+-------
        D:1 |      36 |       0 |   0.0 |      19 |       0 |   0.0
        D:2 |      16 |       0 |   0.0 |       3 |       0 |   0.0
            +---------+---------+-------+---------+---------+-------
